 Dungeon Crawl Stone Soup version 0.30.1-3-gfc49f6343a (webtiles) character file.

Game seed: 1809869864705859729

75894 Wiggles the Executioner (level 15, 0/208 (211) HPs)
             Began as a Minotaur Berserker on Aug 4, 2023.
             Was a High Priest of Trog.
             Slain by Agnes
             ... wielding a +2 lajatang of venom
              (3 damage)
             ... on level 14 of the Dungeon.
             The game lasted 00:39:27 (23153 turns).

Wiggles the Executioner (Minotaur Berserker)       Turns: 23153, Time: 00:39:28

HP:   0/208 (211)   AC: 25    Str: 29    XL:     15   Next: 11%
MP:   0/23          EV: 11    Int:  4    God:    Trog [*****.]
Gold: 1413          SH:  2    Dex: 10    Spells: 14/14 levels left

rFire   . . .        K - +9 executioner's axe (heavy)
rCold   . . .        (shield currently unavailable)
rNeg    . . .        G - +3 plate armour
rPois   .            H - +2 hat {Stlth+}
rElec   .            E - +2 cloak {rCorr}
rCorr   +            y - +2 pair of gloves
SInv    .            b - +1 pair of boots
Will    +....        k - amulet of guardian spirit Stlth
                     i - ring of magical power
HPRegen 0.54/turn    R - ring of the Octopus King {rCorr HP+2 AC+2 EV+2 SH+2}
MPRegen 0.18/turn

%: guardian spirit
@: berserking, lethally poisoned (0 -> -45), corroded, slowed, studying Stealth,
lightly drained
A: horns 2, retaliatory headbutt
a: Renounce Religion, Berserk, Trog's Hand, Brothers in Arms


You were on level 14 of the Dungeon.
You worshipped Trog.
Trog was extremely pleased with you.
You visited 2 branches of the dungeon, and saw 20 of its levels.
You also visited: Ossuary.

You collected 1807 gold pieces.
You spent 394 gold pieces at shops.

Inventory:

Hand Weapons
 K - a +9 heavy executioner's axe (weapon)
 O - a +2 heavy battleaxe
 P - a +0 executioner's axe
Missiles
 h - 2 throwing nets
 p - 11 boomerangs (quivered)
Armour
 b - a +1 pair of boots (worn)
 y - a +2 pair of gloves (worn)
 E - a +2 cloak of preservation (worn)
 G - a +3 plate armour (worn)
 H - a +2 hat of stealth (worn)
 M - a scarf of invisibility
Jewellery
 a - a ring of fire
 i - a ring of magical power (left hand)
 k - an amulet of guardian spirit (around neck)
 t - an amulet of the acrobat
 N - a +4 ring of protection
 R - a ring of the Octopus King (right hand) {rCorr HP+2 AC+2 EV+2 SH+2}
   (You found it on level 5 of the Lair of Beasts)

   [ring of resist corrosion]

   AC:        It affects your AC (+2).
   EV:        It affects your evasion (+2).
   HP:        It affects your health (+2).
   rCorr:     It protects you from acid and corrosion.
   SH:        It affects your SH (+2).
 T - a +4 ring of protection
Wands
 m - a wand of charming (10)
 q - a wand of polymorph (6)
 r - a wand of roots (33)
 s - a wand of mindburst (14)
 C - a wand of flame (16)
 U - a wand of digging (6)
Scrolls
 c - 4 scrolls of fog
 e - 2 scrolls of poison
 j - 9 scrolls of teleportation
 u - 6 scrolls of blinking
 B - 4 scrolls of enchant weapon
 I - 4 scrolls of fear
 J - a scroll of magic mapping
 L - a scroll of summoning
 S - a scroll of amnesia
 V - a scroll of silence
Potions
 d - 7 potions of heal wounds
 f - 3 potions of cancellation
 g - 4 potions of lignification
 l - 3 potions of haste
 n - 10 potions of curing
 o - 4 potions of brilliance
 v - 2 potions of attraction
 w - 2 potions of resistance
 x - 3 potions of might
 z - 9 potions of mutation
 A - 3 potions of flight
 D - 2 potions of degeneration
 F - 3 potions of ambrosia
Miscellaneous
 Q - a tin of tremorstones (2/2)


   Skills:
 * Level 14.7 Fighting
 + Level 24.7 Axes
 * Level 13.7 Armour
 - Level 2.2 Dodging
 + Level 0.8 Shields
 + Level 0.8 Evocations


You had 14 spell levels left.
You didn't know any spells.
Your spell library was empty.

Dungeon Overview and Level Annotations

Branches:
Dungeon (15/15)            Temple (0/1) D:7            Lair (5/5) D:8
  Swamp (0/4) Lair:3        Snake (0/4) Lair:3        Slime (0/5) Lair:5
    Orc (0/2) D:11         Vaults (0/5) D:14        Ossuary (visited)
 Depths: D:15

Altars:
Cheibriados
Dithmenos
Elyvilon
Fedhas
Hepliaklqana
Kikubaaqudgha
Makhleb
Okawaru
Sif Muna
Trog
Xom
Yredelemnul
Zin
The Shining One
Jiyva

Shops:
D:5 ?   D:6 !::?   D:9 :   D:10 !   D:12 :

Annotations:
D:14 Agnes, Josephine


Innate Abilities, Weirdness & Mutations

You have a pair of horns on your head.
You reflexively headbutt those who attack you in melee.


Message History

You feel very sick.
Agnes says, "You will find the Path of Peace easy to follow, in death."
Agnes hits you with a +2 lajatang of venom!!
You are more poisoned.
The brown ugly thing completely misses you.
You furiously retaliate!
You headbutt the brown ugly thing! Agnes hits you but does no damage.
You are more poisoned.
Agnes hits you with a +2 lajatang of venom!
You are more poisoned.
The brown ugly thing trunk-slaps you but does no damage.
You closely miss Agnes. Your headbutt misses Agnes.
Agnes is lightly wounded.
You slice the brown ugly thing!!
You feel extremely sick.
Agnes hits you with a +2 lajatang of venom!
* * * LOW HITPOINT WARNING * * *
You are lethally poisoned!
The brown ugly thing trunk-slaps you!
* * * LOW HITPOINT WARNING * * *
You are splashed with acid.
You resist.
* * * LOW HITPOINT WARNING * * *
You carve Agnes like a ham!!!
Agnes is heavily wounded.
You closely miss the brown ugly thing.
* * * LOW HITPOINT WARNING * * *
You feel extremely sick. Agnes hits you but does no damage.
You are more poisoned.
Agnes hits you with a +2 lajatang of venom!!
* * * LOW HITPOINT WARNING * * *
You are more poisoned.
The brown ugly thing trunk-slaps you but does no damage.
You slash Agnes!
Agnes is severely wounded.
You closely miss the brown ugly thing.
* * * LOW HITPOINT WARNING * * *
You feel extremely sick.
Agnes hits you with a +2 lajatang of venom!
You die...

#.########
#.........
#.######## #.# #.#
#.# ###### #.#
#...## #########.#
#...## #@uW......#
#)..## #i#@..#####
#...##
###.###.#######...##
#.............'...++
#.#.....#.#####...##
#.#####........#####
#.# ##.#####......
#.# #.#####..####
#.# #............


You could see Agnes, Josephine, a brown ugly thing and a freezing wraith.

Vanquished Creatures
  Gastronok (Lair:1)
  Nessos (D:14)
  4 hydras
  A centaur warrior (D:14)
  A merfolk avatar (Lair:5)
  A death knight (D:14)
  3 boulder beetles
  4 two-headed ogres
  7 death yaks
  A tengu warrior (D:13)
  Urug (Lair:1)
  5 skysharks
  4 skeletal warriors
  A swamp dragon (shapeshifter) (D:14)
  A harpy (Lair:5)
  A lindwurm (D:14)
  2 orc sorcerers (D:9)
  2 cyclopes
  4 manticores
  2 ugly things
  9 black mambas
  Joseph (Lair:1)
  10 elephants
  15 cane toads
  3 unseen horrors
  A kobold demonologist (D:14)
  5 komodo dragons
  3 rime drakes
  3 freezing wraiths (D:14)
  16 blink frogs
  A hornet (shapeshifter) (D:13)
  4 trolls
  6 polar bears
  A wind drake (Lair:5)
  A snapping turtle (Lair:5)
  6 dream sheep (Lair:4)
  Prince Ribbit (D:6)
  A jumping spider (shapeshifter) (D:14)
  A vampire (D:13)
  64 yaks
  6 wraiths
  A water elemental (D:13)
  12 wyverns
  2 basilisks (Lair:3)
  4 steam dragons
  A human (shapeshifter) (D:13)
  12 vampire mosquitoes
  2 nagas (Lair:3)
  15 water moccasins
  3 acid dragons
  3 orc warriors
  A black bear (D:5)
  An ogre (D:4)
  34 wolves
  2 phantoms (D:11)
  7 centaurs
  2 kobold brigands
  9 bullfrogs
  6 scorpions
  8 wights
  4 troll zombies (D:11)
  10 killer bees
  3 electric eels (D:13)
  10 howler monkeys
  6 hounds
  4 orc priests
  A gnoll bouda (D:5)
  Crazy Yiuf (D:6)
  A sleepcap (D:5)
  3 iguanas
  3 orc wizards
  2 hell rats (Lair:2)
  4 ogre zombies (D:11)
  2 mummies (Ossuary)
  12 gnolls
  9 adders
  7 river rats (Lair:2)
  3 shadow imps
  3 white imps
  2 worms
  22 orcs
  10 ball pythons
  12 endoplasms
  4 giant cockroaches
  2 gnoll zombies (Ossuary)
  5 hobgoblins
  2 jackals (D:3)
  7 quokkas
  8 bats
  6 frilled lizards
  13 goblins
  3 goblin skeletons (D:11)
  11 goblin zombies
  4 hobgoblin zombies
  22 kobolds
  3 orc skeletons (D:11)
  16 orc zombies
  5 rats
575 creatures vanquished.

Vanquished Creatures (collateral kills)
  A hydra (Lair:2)
  Fannar (D:12)
  2 two-headed ogres (D:12)
  A boulder beetle (D:12)
  2 deep elf pyromancers (D:12)
  A komodo dragon (Lair:5)
  4 blink frogs
12 creatures vanquished.

Vanquished Creatures (others)
  A sea snake (Lair:5)
  An orc (D:6)
2 creatures vanquished.

Grand Total: 589 creatures vanquished

Notes
Turn   | Place    | Note
-------+----------+-------------------------------------------
     0 | D:1      | Wiggles the Minotaur Berserker began the quest for the Orb.
     0 | D:1      | Reached XP level 1. HP: 19/19 MP: 0/0
    32 | D:1      | Reached XP level 2. HP: 18/27 MP: 1/1
   143 | D:1      | Reached skill level 4 in Axes
   209 | D:1      | Reached ** piety under Trog
   345 | D:1      | Reached XP level 3. HP: 32/33 MP: 2/2
   826 | D:2      | Reached skill level 5 in Axes
   979 | D:2      | Found a faded altar of an unknown god.
   981 | D:2      | You fall into a shaft and drop 2 floors!
   999 | D:4      | Found an ancient bone altar of Kikubaaqudgha.
  1004 | D:4      | Reached XP level 4. HP: 40/40 MP: 3/3
  1010 | D:4      | Reached skill level 6 in Axes
  1268 | D:2      | Reached *** piety under Trog
  1376 | D:2      | Reached XP level 5. HP: 15/46 MP: 2/4
  1379 | D:2      | Reached skill level 7 in Axes
  2168 | D:3      | Found a blossoming altar of Fedhas.
  2801 | D:4      | Noticed an ogre
  2809 | D:4      | Killed an ogre
  2810 | D:4      | Reached skill level 8 in Axes
  2810 | D:4      | Reached XP level 6. HP: 52/52 MP: 5/5
  3226 | D:4      | Reached **** piety under Trog
  3269 | D:4      | Reached skill level 9 in Axes
  3389 | D:4      | Found a bloodstained altar of Trog.
  3947 | D:5      | Entered Level 5 of the Dungeon
  4027 | D:5      | Reached XP level 7. HP: 54/58 MP: 6/6
  4156 | D:5      | Reached skill level 10 in Axes
  4447 | D:5      | Found Tyin's Magic Scroll Shoppe.
  4455 | D:5      | Bought a scroll of identify for 28 gold pieces
  4514 | D:5      | Reached skill level 11 in Axes
  4521 | D:5      | Reached XP level 8. HP: 53/66 MP: 7/7
  4860 | D:5      | Found a hazy altar of Hepliaklqana.
  4866 | D:5      | Found a white marble altar of Elyvilon.
  4867 | D:5      | Found a basalt altar of Yredelemnul.
  4868 | D:5      | Found a glowing silver altar of Zin.
  4871 | D:5      | Found a burning altar of Makhleb.
  4872 | D:5      | Found a snail-covered altar of Cheibriados.
  4939 | D:6      | Found a shadowy altar of Dithmenos.
  4960 | D:6      | Reached skill level 12 in Axes
  5137 | D:6      | Found Fowoku's Distillery.
  5311 | D:6      | Noticed Prince Ribbit
  5325 | D:6      | Killed Prince Ribbit
  5397 | D:6      | Found Giyn's Magic Scroll Emporium.
  5406 | D:6      | Bought a scroll of enchant armour for 82 gold pieces
  5406 | D:6      | Bought a scroll of enchant armour for 82 gold pieces
  5406 | D:6      | Bought a scroll of enchant weapon for 82 gold pieces
  5436 | D:6      | Reached skill level 13 in Axes
  5455 | D:6      | Found a shimmering blue altar of Sif Muna.
  5533 | D:6      | Noticed a two-headed ogre
  5544 | D:6      | Killed a two-headed ogre
  5545 | D:6      | Reached skill level 14 in Axes
  5545 | D:6      | Reached XP level 9. HP: 71/71 MP: 8/8
  5546 | D:6      | Killed an unseen horror
  5839 | D:6      | Found Ymuyteke's Book Shop.
  5869 | D:6      | Found a glowing golden altar of the Shining One.
  5892 | D:6      | Reached skill level 15 in Axes
  6058 | D:6      | Found a runed translucent door.
  6059 | D:6      | Noticed Crazy Yiuf
  6066 | D:6      | Killed Crazy Yiuf
  6156 | D:6      | Found Anudedgh's Book Shop.
  6530 | D:7      | Found a shimmering altar of Xom.
  6530 | D:7      | Found a shimmering altar of Xom.
  6530 | D:7      | Found a shimmering altar of Xom.
  6530 | D:7      | Found a shimmering altar of Xom.
  6530 | D:7      | Found a shimmering altar of Xom.
  6530 | D:7      | Found a shimmering altar of Xom.
  6530 | D:7      | Found a shimmering altar of Xom.
  6658 | D:7      | Found a staircase to the Ecumenical Temple.
  6734 | D:7      | Reached skill level 16 in Axes
  6893 | D:7      | Noticed a death drake
  6910 | D:7      | Noticed a rime drake
  7079 | D:7      | Found an iron altar of Okawaru.
  7370 | D:7      | Noticed a two-headed ogre
  7530 | D:8      | Reached XP level 10. HP: 49/77 MP: 9/9
  7625 | D:8      | Reached skill level 17 in Axes
  7626 | D:8      | Reached ***** piety under Trog
  7654 | D:8      | Found a staircase to the Lair.
  7961 | D:8      | Identified the +3 chain mail of Polytheism {rElec rF+++
                  | Will- Str-2}
  8094 | D:8      | Found a sand-covered staircase.
  8098 | Ossuary  | Entered an ossuary
  8356 | D:8      | Reached skill level 18 in Axes
  8909 | D:9      | Noticed an orc sorcerer
  8913 | D:9      | Noticed an orc sorcerer
  8915 | D:9      | Noticed a sun demon
  8915 | D:9      | Killed an orc sorcerer
  8933 | D:9      | Killed an orc sorcerer
  9282 | D:9      | Reached skill level 19 in Axes
  9470 | D:9      | Noticed a two-headed ogre
  9475 | D:9      | Found Luthib's Book Shoppe.
  9490 | D:9      | Killed a two-headed ogre
  9780 | D:10     | Entered Level 10 of the Dungeon
  9781 | D:10     | Noticed a two-headed ogre
  9794 | D:10     | Reached XP level 11. HP: 27/83 MP: 6/10
  9798 | D:10     | Killed a two-headed ogre
 10270 | D:10     | Reached skill level 20 in Axes
 11006 | D:10     | Found Fylakali's Distillery.
 11010 | D:10     | Bought a potion of heal wounds for 60 gold pieces
 11010 | D:10     | Bought a potion of heal wounds for 60 gold pieces
 11526 | D:11     | Found a staircase to the Orcish Mines.
 11677 | D:11     | Noticed a boulder beetle
 11694 | D:11     | Killed a boulder beetle
 11744 | D:11     | Noticed a green ugly thing
 11756 | D:11     | Killed a green ugly thing
 11757 | D:11     | Reached skill level 21 in Axes
 12354 | D:11     | Identified the +8 mace of Foolhardiness {speed, rPois}
 12597 | D:12     | Found Ydelaato's Book Shoppe.
 12651 | D:12     | Noticed a two-headed ogre
 12663 | D:12     | Killed a two-headed ogre
 12685 | D:12     | Noticed a two-headed ogre
 12686 | D:12     | Noticed a two-headed ogre
 12700 | D:12     | Killed a two-headed ogre
 12701 | D:12     | Reached skill level 22 in Axes
 12701 | D:12     | Killed a two-headed ogre
 12997 | D:12     | Noticed a deep elf pyromancer
 13036 | D:12     | Killed a deep elf pyromancer
 13037 | D:12     | Reached XP level 12. HP: 26/91 MP: 8/11
 13243 | D:12     | Identified the +5 flail of Cohuilau {drain, rF+ Will+}
 13268 | D:12     | Noticed a boulder beetle
 13271 | D:12     | Noticed Fannar
 13285 | D:12     | Killed Fannar
 13295 | D:12     | Killed a boulder beetle
 13524 | D:12     | Reached skill level 23 in Axes
 13973 | Lair:1   | Entered Level 1 of the Lair of Beasts
 14231 | Lair:1   | Reached skill level 5 in Fighting
 14363 | Lair:1   | Noticed Joseph
 14375 | Lair:1   | Killed Joseph
 14571 | Lair:1   | Noticed a five-headed hydra
 14590 | Lair:1   | Killed a 14-headed hydra
 14606 | Lair:1   | Reached skill level 5 in Armour
 14851 | Lair:1   | Noticed Gastronok
 14861 | Lair:1   | Killed Gastronok
 14909 | Lair:1   | Noticed Urug
 14922 | Lair:1   | Killed Urug
 15396 | Lair:2   | Noticed a five-headed hydra
 15410 | Lair:2   | Killed a six-headed hydra
 15696 | Lair:2   | Reached XP level 13. HP: 106/107 MP: 12/12
 15727 | Lair:2   | Received a gift from Trog
 16536 | Lair:2   | Reached skill level 10 in Fighting
 17220 | Lair:3   | Reached skill level 24 in Axes
 17226 | Lair:3   | Reached skill level 10 in Armour
 17654 | Lair:3   | Found a staircase to the Snake Pit.
 17728 | Lair:3   | Found a staircase to the Swamp.
 17788 | Lair:3   | Reached XP level 14. HP: 51/124 MP: 13/13
 18430 | Lair:4   | Received a gift from Trog
 19816 | Lair:5   | Entered Level 5 of the Lair of Beasts
 20527 | Lair:5   | Found a staircase to the Slime Pits.
 20527 | Lair:5   | Found a viscous altar of Jiyva.
 20534 | Lair:5   | Received a gift from Trog
 20843 | Lair:5   | Found the ring of the Octopus King
 20855 | Lair:5   | Identified a ring of the Octopus King {rCorr HP+2 AC+2 EV+2
                  | SH+2}
 22521 | D:14     | Reached XP level 15. HP: 139/139 MP: 14/14
 22532 | D:14     | Found a gate to the Vaults.
 22915 | D:14     | Noticed Nessos
 22921 | D:14     | Killed Nessos
 23131 | D:15     | Entered Level 15 of the Dungeon
 23137 | D:15     | Noticed Josephine
 23142 | D:15     | Noticed Agnes
 23153 | D:14     | HP: 3/208 [poisoned by Agnes]
 23153 | D:14     | Slain by Agnes

Illustrated notes

Levels and vault maps discovered:
D:1:      evilmike_arrival_plus, layout_loops_ring
D:2:      layout_basic, hellmonk_ecumenical_altar_zigzags,
          minmay_close_crescents
D:3:      layout_basic, mainiacjoe_overflow_brackets
D:4:      nicolae_cairo_tiling, layout_layer_cave, mainiacjoe_overflow_24_doors,
          general_overflow_altar, minmay_crystal_room, serial_bayou_pond_d
D:5:      layout_gridville, minitemple, serial_shops, shop, minmay_manual_moon
D:6:      kennysheep_big_flooded_room, layout_layer_cave,
          mainiacjoe_overflow_cross_hatched, nicolae_dithmenos_shadow_blocks,
          kennysheep_orc_sif_temple, serial_shops, nicolae_shop_peninsula, shop,
          shop, nicolae_shop_back_alley_shop, uniq_crazy_yiuf_cottage,
          uniq_prince_ribbit1
D:7:      layout_basic, mainiacjoe_overflow_alcove_2, xom_shifter_show,
          minmay_temple_entry_junction_2
D:8:      layout_cave_pools, dpeg_oklobed_lair, enter_ossuary_5
D:9:      cheibrodos_wizards_tower, layout_basic, kennysheep_diamond
D:10:     layout_grid_maze, serial_shops, shop
D:11:     layout_loops_ring, zombieorc2_lemuel
D:12:     layout_loops_ring, nicolae_stop_n_shop_2, uniq_fannar
D:13:     layout_basic
D:14:     layout_basic, david_vaults_4, chequers_arboretum, uniq_nessos
D:15:     hangedman_depths_entry_civil_slaughter, layout_cave_pools,
          uniq_josephine, uniq_agnes, uniq_louise
Lair:1:   layout_roguey, minmay_hedge_maze, grunt_megastairs_3, uniq_joseph,
          uniq_gastronok, uniq_urug
Lair:2:   nzn_winding_woodlands_stair_cross [nzn_winding_woodlands_5x15_default,
          nzn_winding_woodlands_center_garden,
          nzn_winding_woodlands_5x15_zeroes,
          nzn_winding_woodlands_5x5_perimeter, nzn_winding_woodlands_5x5_cross,
          nzn_winding_woodlands_5x15_crooked,
          nzn_winding_woodlands_center_pierced_h,
          nzn_winding_woodlands_5x15_pool], layout_regular_city, serial_rivers,
          chequers_serial_rivers_micro_a, chequers_serial_rivers_small_b,
          chequers_serial_rivers_micro_e, chequers_serial_rivers_micro_c,
          chequers_serial_rivers_small_a, kennysheep_rathole
Lair:3:   layout_long_grid, swamp_mist, minmay_snake_entry_guardpost_small
Lair:4:   layout_layer_cave, grunt_megastairs_5
Lair:5:   gammafunk_lair_ancient_temple, layout_misc_corridors, slime_entry_1

Skill      XL: |  1  2  3  4  5  6  7  8  9 10 11 12 13 14 |
---------------+-------------------------------------------+-----
Axes           | 4 5 6 8 9 11 14 16 19 22 23 24 | 24.7
Fighting       | 7 11 14 | 14.7
Armour         | 7 10 13 | 13.7
Dodging        | |  2.2
Shields        | |  0.8
Evocations     | |  0.8

Action                     |  1- 3 |  4- 6 |  7- 9 | 10-12 | 13-15 || total
---------------------------+-------+-------+-------+-------+-------++-------
  Melee: Hand axe          |    69 |   131 |    95 |       |       ||   295
         Headbutt          |    13 |    25 |    38 |   101 |    86 ||   263
         Punch             |       |       |     1 |     9 |     1 ||    11
         War axe           |       |       |   118 |   609 |    71 ||   798
         Executioner's axe |       |       |       |       |   380 ||   380
  Throw: Boomerang         |       |     4 |     6 |     6 |       ||    16
 Invoke: Berserk           |     1 |     2 |     5 |    13 |     5 ||    26
         Brothers in Arms  |       |       |       |     6 |       ||     6
  Evoke: Wand              |       |       |       |       |     8 ||     8
    Use: Scroll            |       |       |    13 |    12 |    14 ||    39
         Potion            |       |       |       |     6 |     3 ||     9
   Stab: Distracted        |       |       |       |     1 |       ||     1
 Armour: Animal skin       |     9 |       |       |       |       ||     9
         Ring mail         |    12 |       |       |       |       ||    12
         Chain mail        |     6 |    72 |   144 |   180 |       ||   402
         Plate armour      |       |       |       |   302 |   464 ||   766
  Dodge: Dodged            |    47 |    48 |   116 |   241 |   215 ||   667
  Block: Other             |       |       |       |       |     9 ||     9
